 Dungeon Crawl Stone Soup version 0.16-a0-188-gb1ccc74 (webtiles) character file.

737 schistosoma the Reanimator (level 7, -3/50 HPs)
             Began as a Vampire Necromancer on Oct 30, 2014.
             Slain by a yellow wasp (5 damage)
             ... on Level 6 of the Dungeon on Dec 6, 2014.
             The game lasted 00:17:34 (3988 turns).

schistosoma the Reanimator (Vampire Necromancer)    Turns: 3988, Time: 00:17:34

HP  -3/50        AC  2     Str 20      XL: 7   Next: 21%
MP  18/18        EV 13     Int 23      God:
Gold 292         SH  0     Dex 25      Spells:  4 memorised,  3 levels left

rFire  . . .     SeeInvis +     n - +1 dagger (speed)
rCold  + . .     Clarity  .     a - +0 robe
rNeg   + + +     rCorr    .     (no shield)
rPois  +         rRot     +     (no helmet)
rElec  .         Spirit   .     (no cloak)
SustAb .         Warding  .     (no gloves)
rMut   .         Stasis   +     (no boots)
Gourm  .                        w - amulet of stasis
MR     .....                    l - ring of flight
                                (no ring)

@: regenerating quickly, not resistant to hostile enchantments, fairly stealthy
A: bottle blood, fangs 3, see invisible, cold resistance 1, fast metabolism 1,
negative energy resistance 3, poison resistance, regeneration 1, torment
resistance, unbreathing
a: Bat Form, Bottle Blood, Evoke Flight


You were on level 6 of the Dungeon.
You were very full.

You visited 1 branch of the dungeon, and saw 6 of its levels.

You collected 292 gold pieces.

Inventory:

Hand weapons
 n - a +1 dagger of speed (weapon)
Missiles
 d - 6 tomahawks (quivered)
 u - 14 poisoned needles
Armour
 a - a +0 robe (worn)
Magical devices
 q - a wand of paralysis (13)
 r - a wand of draining (5) {unknown}
Comestibles
 m - a slice of pizza
Scrolls
 e - 3 scrolls of remove curse
 f - 2 scrolls of identify
 g - 4 scrolls of teleportation
 h - 2 scrolls of magic mapping
 i - 3 scrolls of fog
 p - 2 scrolls of recharging
Jewellery
 l - a ring of flight (right hand)
 t - an uncursed ring of loudness
 w - an amulet of stasis (around neck)
 x - a cursed ring of loudness
Potions
 c - 4 potions of curing
 j - a potion of degeneration {unknown}
 k - a potion of heal wounds {unknown}
 o - a potion of invisibility {unknown}
 z - a potion of might {unknown}
 A - a potion of berserk rage {unknown}
Books
 b - a book of Necromancy

   Spells                             Type                      Level
   *Pain                              Necromancy                   1
   Animate Skeleton                   Necromancy                   1
   *Vampiric Draining                 Necromancy                   3
   Regeneration                       Charms/Necromancy            3
   Animate Dead                       Necromancy                   4
   Control Undead                     Necromancy                   4
 s - a book of Enchantments

   Spells                             Type                      Level
   *Tukima's Dance                    Hexes                        3
   *Cause Fear                        Hexes                        4
   Silence                            Hexes/Air                    5
   Deflect Missiles                   Charms/Air                   6
   Haste                              Charms                       6
   Discord                            Hexes                        8
 v - a book of Power

   Spells                             Type                      Level
   Fulminant Prism                    Conjuration/Hexes            4
   Iskenderun's Mystic Blast          Conjuration                  4
   Venom Bolt                         Conjuration/Poison           5
   Bolt of Magma                      Conjuration/Fire/Earth       5
   Iron Shot                          Conjuration/Earth            6
   Orb of Destruction                 Conjuration                  7


   Skills:
 + Level 3.7 Short Blades
 - Level 1.7 Dodging
 + Level 3.7 Stealth
 - Level 0.4 Unarmed Combat
 - Level 4.0 Spellcasting
 + Level 5.0 Hexes
 + Level 8.1 Necromancy


You had 3 spell levels left.
You knew the following spells:

 Your Spells              Type           Power        Failure   Level  Hunger
a - Pain                  Necr           ####         1%          1    None
b - Tukima's Dance        Hex            ####....     4%          3    ###....
c - Vampiric Draining     Necr           #####.....   1%          3    ###....
d - Cause Fear            Hex            ####......   14%         4    ####...


Dungeon Overview and Level Annotations

Branches:
Dungeon (6/15)
 Temple: D:4-7

Altars:
Xom
The Shining One


Innate Abilities, Weirdness & Mutations

Your natural rate of healing is unusually fast.
You can bottle blood from corpses.
You have razor-sharp teeth.
You have supernaturally acute eyesight.
Your flesh is cold resistant.
You have a fast metabolism.
You are immune to negative energy.
Your system is resistant to poisons.
Your natural rate of healing is unusually fast.
You are immune to unholy pain and torment.
You can survive without breathing.


Message History

Unknown command.
Drink which item? (? for menu, Esc to quit)
You feel better.
It was a potion of curing.
The orc wizard becomes somewhat translucent.
The yellow wasp stings you. The orc warrior barely misses you.
The orc wizard looks braver.
The yellow wasp barely misses you. The yellow wasp stings you!
* * * LOW HITPOINT WARNING * * *
There is a large open door here.
The orc wizard casts a spell.
The orc wizard seems to speed up.
The yellow wasp closely misses you.
Drink which item? (? for menu, Esc to quit)
You feel better. The yellow wasp stings you!
* * * LOW HITPOINT WARNING * * *
The yellow wasp stings you!
* * * LOW HITPOINT WARNING * * *
There is a stone staircase leading up here.
The yellow wasp stings you.
You die...

#+####+# +..@...+
#.oy...#
####oo#####
##≈≈≈..;≈≈##
##≈≈≈≈.o≈≈≈≈##
##≈≈≈≈≈..≈≈≈≈≈##
#≈≈≈≈≈≈..≈≈≈≈≈≈##
≈≈≈≈≈≈≈..≈≈≈≈≈≈≈#
≈≈≈≈≈≈≈..≈≈≈≈≈≈≈≈


You could see an orc warrior, a yellow wasp, an orc wizard and 2 orcs.

Vanquished Creatures
  A sky beast (D:5)
  2 ogres
  A scorpion (D:5)
  2 crimson imps (D:5)
  An orc priest (D:5)
  An orc wizard (D:5)
  A worker ant (D:4)
  Jessica (D:3)
  A hound skeleton (D:5)
  11 adders
  A scorpion zombie (D:5)
  2 shadow imps (D:5)
  A giant mite (D:3)
  An inept feature mimic (D:4)
  2 worms (D:3)
  A giant gecko (D:5)
  6 orcs
  10 bats
  8 hobgoblins
  10 kobolds
  2 ball pythons
  7 giant cockroaches
  4 giant newts
  A giant newt zombie (D:5)
  10 goblins
  12 jackals
  An orc zombie (D:5)
  9 rats
  A rat zombie (D:5)
111 creatures vanquished.

Notes
Turn   | Place    | Note
--------------------------------------------------------------
     0 | D:1      | schistosoma, the Vampire Necromancer, began the quest for the Orb.
     0 | D:1      | Reached XP level 1. HP: 14/14 MP: 3/3
    48 | D:1      | Reached skill level 5 in Necromancy
   318 | D:1      | Reached XP level 2. HP: 12/20 MP: 0/6
   905 | D:2      | Found a glowing golden altar of the Shining One.
   936 | D:2      | Reached skill level 6 in Necromancy
   936 | D:2      | Reached XP level 3. HP: 20/26 MP: 7/7
   954 | D:2      | Learned a level 3 spell: Vampiric Draining
  1460 | D:2      | Reached XP level 4. HP: 27/33 MP: 0/9
  1770 | D:3      | Reached skill level 7 in Necromancy
  1894 | D:3      | Reached skill level 1 in Short Blades
  2015 | D:3      | Noticed Jessica
  2025 | D:3      | Killed Jessica
  2037 | D:3      | Learned a level 3 spell: Tukima's Dance
  2250 | D:3      | Reached XP level 5. HP: 38/38 MP: 7/11
  2619 | D:4      | Noticed an ogre
  2631 | D:4      | Killed an ogre
  2969 | D:5      | Entered Level 5 of the Dungeon
  2992 | D:5      | Reached XP level 6. HP: 17/45 MP: 8/15
  3338 | D:5      | Found a shimmering altar of Xom.
  3338 | D:5      | Noticed a sky beast
  3341 | D:5      | Found a shimmering altar of Xom.
  3341 | D:5      | Found a shimmering altar of Xom.
  3342 | D:5      | Found a shimmering altar of Xom.
  3342 | D:5      | Found a shimmering altar of Xom.
  3854 | D:5      | Reached XP level 7. HP: 50/50 MP: 16/18
  3914 | D:5      | Killed a sky beast
  3914 | D:5      | Reached skill level 5 in Hexes
  3914 | D:5      | Reached skill level 8 in Necromancy
  3941 | D:5      | Learned a level 4 spell: Cause Fear
  3987 | D:6      | HP: 2/50 [yellow wasp (12)]
  3988 | D:6      | Slain by a yellow wasp

Action                   |  1- 3 |  4- 6 |  7- 9 || total
-------------------------+-------+-------+-------++-------
Melee: Unarmed           |    83 |       |       ||    83
       Dagger            |       |   173 |    26 ||   199
 Cast: Pain              |    40 |    38 |     1 ||    79
       Vampiric Draining |     1 |    10 |     4 ||    15
  Use: Scroll            |       |     7 |       ||     7
       Potion            |       |     1 |     2 ||     3
 Stab: Sleeping          |     8 |     6 |       ||    14
